 Dungeon Crawl Stone Soup version 0.29-a0-459-g97dee8c (webtiles) character file.

Game seed: 13716466819014871777

93 Toastz the Grave Robber (level 4, -1/34 HPs)
             Began as a Demonspawn Necromancer on May 20, 2022.
             Slain by Crazy Yiuf
             ... wielding a +3 quarterstaff of chaos
              (9 damage)
             ... on level 2 of the Dungeon.
             The game lasted 00:04:29 (2765 turns).

Toastz the Grave Robber (Demonspawn Necromancer)    Turns: 2765, Time: 00:04:30

Health: -1/34      AC:  6    Str:  8    XL:     4   Next: 36%
Magic:  1/7        EV: 10    Int: 19    God:
Gold:   80         SH:  0    Dex: 13    Spells: 3/7 levels left

rFire   . . .      SeeInvis .   b - +0 dagger (venom)
rCold   . . .      Faith    .   (no shield)
rNeg    . . .      Spirit   .   i - +1 ring mail {Will+}
rPois   .          Reflect  .   (helmet restricted)
rElec   .          Harm     .   (no cloak)
rCorr   .          Rampage  .   (no gloves)
Will    +....                   (no boots)
Stlth   +.........              (no amulet)
HPRegen 0.11/turn               (no ring)
MPRegen 0.10/turn               (no ring)

@: very slightly contaminated, invisible (expiring)
A: horns 1, demonic magic 2
a: no special abilities


You were on level 2 of the Dungeon.
You visited 1 branch of the dungeon, and saw 2 of its levels.

You collected 80 gold pieces.

Inventory:

Hand Weapons
 a - a +0 short sword
 b - a +0 dagger of venom (weapon)
Missiles
 q - 3 javelins
 t - 5 boomerangs
Armour
 d - a +0 robe
 h - a +0 scale mail
 i - a +1 ring mail of willpower (worn)
Scrolls
 e - 2 scrolls of vulnerability
 f - a scroll of magic mapping {unknown}
 j - a scroll of noise {unknown}
 l - a scroll of amnesia
 m - 2 scrolls of poison
 p - a scroll of teleportation {unknown}
 s - a scroll of immolation {unknown}
Potions
 c - a potion of haste {unknown}
 g - 3 potions of degeneration {unknown}
 k - a potion of mutation
 n - a potion of curing {unknown}
 o - a potion of invisibility {unknown}
 r - a potion of magic


   Skills:
 + Level 2.3 Fighting
 + Level 1.4 Armour
 - Level 1.7 Dodging
 - Level 1.7 Stealth
 - Level 2.0 Spellcasting
 + Level 5.3 Necromancy


You had 3 spell levels left.
You knew the following spells:

 Your Spells              Type           Power      Damage    Failure   Level
a - Necrotize             Necr           88%        1d8       6%          1
b - Vampiric Draining     Necr           22%        2d7       17%         3

Your spell library contained the following spells:

 Spells                   Type           Power      Damage    Failure   Level
 Animate Dead             Necr           22%        N/A       50%         4
 Agony                    Necr           22%        N/A       85%         5


Dungeon Overview and Level Annotations

Branches:
Dungeon (2/15)

Altars:

Shops:
D:2 *

Annotations:
D:2 Crazy Yiuf


Innate Abilities, Weirdness & Mutations

You have a pair of small horns on your head.
Spells you cast may paralyse nearby enemies.


Message History

Crazy Yiuf barely misses you.
Casting: Necrotize (safe; 6% risk of failure)
Confirm with . or Enter, or press ? or * to list all spells.
The spell is quite dangerous to miscast (17% risk of failure)!
Continue anyway?
Aiming: Vampiric Draining (quite dangerous; 17% risk of failure)
Press: ? - help, Shift-Dir - straight line, f/p - Crazy Yiuf
Aim: Crazy Yiuf, wielding a +3 quarterstaff of chaos and wearing a +0 cloak (moderately wounded)
You draw life force from Crazy Yiuf.
You feel life coursing into your body. Malevolent energies surge around you.
Crazy Yiuf barely misses you.
Casting: Vampiric Draining (quite dangerous; 17% risk of failure)
Confirm with . or Enter, or press ? or * to list all spells.
The spell is quite dangerous to miscast (17% risk of failure)!
Continue anyway?
Aiming: Vampiric Draining (quite dangerous; 17% risk of failure)
Press: ? - help, Shift-Dir - straight line, f/p - Crazy Yiuf
Aim: Crazy Yiuf, wielding a +3 quarterstaff of chaos and wearing a +0 cloak (heavily wounded)
You miscast Vampiric Draining.
You are very lightly contaminated with residual magic.
Nothing appears to happen.
Crazy Yiuf hits you with a +3 quarterstaff of chaos.
You resist with almost no effort.
You closely miss Crazy Yiuf.
Crazy Yiuf is heavily wounded.
Crazy Yiuf says, "Papa!
Two Hive foot."
Crazy Yiuf hits you with a +3 quarterstaff of chaos.
* * * LOW HITPOINT WARNING * * *
You fade into invisibility!
Crazy Yiuf says, "Peeping!"
You barely miss Crazy Yiuf.
You headbutt Crazy Yiuf, but do no damage.
Crazy Yiuf is heavily wounded.
Crazy Yiuf hits you with a +3 quarterstaff of chaos.
* * * LOW HITPOINT WARNING * * *
Crazy Yiuf burns you.
* * * LOW HITPOINT WARNING * * *
You flicker for a moment.
Crazy Yiuf laughs, "Aardvark!
Scoff pontify alas."
You hit Crazy Yiuf.
Crazy Yiuf is poisoned.
Your headbutt misses Crazy Yiuf.
Crazy Yiuf is heavily wounded.
Crazy Yiuf hits you with a +3 quarterstaff of chaos!
You die...

♣♣♣♣♣### ### ♣♣♣.♣..#.##
#...#♣..♣......##
#...'.♣♣♣♣......# #)..#♣♣
♣♣.#...# ### ♣♣##..# #########
#g########>......#
#.@##............#
######..........<.....#
######.....................# #
#......................|...#
#####..........................##
...##............................
##...........................####
###..)......................# #.
##........................# #.


You could see Crazy Yiuf (can't see you, very poisoned).

Vanquished Creatures
  3 gnolls (D:2)
  3 ball pythons
  6 endoplasms
  2 giant cockroaches
  5 goblins
  6 hobgoblins
  6 jackals (D:1)
  9 kobolds
  A quokka (D:2)
  10 bats
  4 rats
55 creatures vanquished.

Vanquished Creatures (collateral kills)
  A bat (D:2)
  A rat (D:1)
2 creatures vanquished.

Grand Total: 57 creatures vanquished

Notes
Turn   | Place    | Note
-------+----------+-------------------------------------------
     0 | D:1      | Toastz the Demonspawn Necromancer began the quest for the
                  | Orb.
     0 | D:1      | Reached XP level 1. HP: 13/13 MP: 3/3
   331 | D:1      | Reached skill level 1 in Fighting
   336 | D:1      | Gained mutation: Spells you cast may paralyse adjacent
                  | enemies. [demonic ancestry]
   336 | D:1      | Reached XP level 2. HP: 12/21 MP: 0/5
  1182 | D:1      | Found a faded altar of an unknown god.
  1373 | D:1      | Gained mutation: Spells you cast may paralyse nearby
                  | enemies. [demonic ancestry]
  1373 | D:1      | Reached XP level 3. HP: 27/27 MP: 4/6
  1602 | D:2      | Reached skill level 5 in Necromancy
  1973 | D:2      | Reached skill level 1 in Armour
  2085 | D:2      | Learned a level 3 spell: Vampiric Draining
  2118 | D:2      | Found Latz's Assorted Antiques.
  2125 | D:2      | Gained mutation: You have a pair of small horns on your
                  | head. [demonic ancestry]
  2125 | D:2      | Reached XP level 4. HP: 24/33 MP: 4/7
  2141 | D:2      | HP: 1/33 [gnoll/+0 mace (3)]
  2564 | D:2      | Found a runed translucent door.
  2565 | D:2      | Noticed Crazy Yiuf
  2765 | D:2      | Slain by Crazy Yiuf

Illustrated notes

Levels and vault maps discovered:
D:1:      dpeg_arrival_court, layout_loops_corners,
          ebering_ecumenical_altar_mist, kennysheep_decorative_pillar
D:2:      layout_rooms, serial_shops, nicolae_shop_trees,
          uniq_crazy_yiuf_cottage

Skill      XL: |  1  2  3 |
---------------+----------+-----
Fighting       | 1 2 |  2.3
Necromancy     | 5 |  5.3
Armour         | 1 |  1.4
Dodging        | |  1.7
Stealth        | |  1.7
Spellcasting   | |  2.0

Action                   |  1- 3 |  4- 6 || total
-------------------------+-------+-------++-------
Melee: Short sword       |    64 |       ||    64
       Dagger            |     5 |    12 ||    17
       Headbutt          |       |     3 ||     3
Throw: Javelin           |     1 |       ||     1
 Cast: Necrotize         |    61 |     5 ||    66
       Vampiric Draining |       |     1 ||     1
  Use: Scroll            |     2 |     2 ||     4
 Stab: Paralysed         |     2 |     1 ||     3
Armor: Robe              |     5 |       ||     5
       Ring mail         |    40 |       ||    40
Dodge: Dodged            |    78 |     5 ||    83

Table legend: (Time is in decaauts)
 A = Elapsed time spent in this place.
 B = Non-inter-level travel time spent in this place.
 C = Inter-level travel time spent in this place.
 D = Time resting spent in this place.
 E = Time spent auto-exploring this place.
 F = Levels seen in this place.
 G = Mean time per level.
                   A        B        C        D        E       F      G
               +--------+--------+--------+--------+--------+-----+--------+
         Total |   2773 |   2583 |    190 |    442 |   1754 |   2 | 1386.5 |
       Dungeon |   2773 |   2583 |    190 |    442 |   1754 |   2 | 1386.5 |
               +--------+--------+--------+--------+--------+-----+--------+

Top non-repeatable levels by time:
     D:1: 1802 daAuts
     D:2: 971 daAuts
